 Seeded DCSS version 0.27.1-2-g3b301248ec (webtiles) character file.

Game seed: 17979796883088392625 (custom seed)

51 babuloseo the Skirmisher (level 4, 37/37 HPs)
             Began as a Human Monk on Sept 26, 2021.
             Was a Believer of Fedhas.
             Quit the game on level 2 of the Dungeon.
             The game lasted 00:00:58 (958 turns).

babuloseo the Skirmisher (Human Monk)                Turns: 958, Time: 00:00:59

Health: 37/37      AC:  2    Str: 12    XL:     4   Next: 7%
Magic:  4/4        EV: 13    Int: 11    God:    Fedhas [**....]
Gold:   40         SH:  0    Dex: 15    Spells: 3/3 levels left

rFire    . . .     SeeInvis .   a - +0 spear
rCold    . . .     Faith    .   (no shield)
rNeg     . . .     Spirit   .   b - +0 robe
rPois    .         Reflect  .   (no helmet)
rElec    .         Harm     .   (no cloak)
rCorr    .         Rampage  .   (no gloves)
Will     .....                  (no boots)
Stlth    ++........             (no amulet)
HPRegen  0.12/turn              (no ring)
MPRegen  0.09/turn              (no ring)

@: no status effects
A: no striking features
a: Renounce Religion, Wall of Briars


You were on level 2 of the Dungeon.
You worshipped Fedhas.
Fedhas was pleased with you.
You visited 1 branch of the dungeon, and saw 2 of its levels.

You collected 40 gold pieces.

Inventory:

Hand Weapons
 a - a +0 spear (weapon)
Armour
 b - a +0 robe (worn)
Potions
 c - a potion of curing {unknown}
 d - 2 potions of invisibility {unknown}


   Skills:
 * Level 3.7 Fighting
 - Level 3.0(3.1) Polearms
 * Level 1.2(2.3) Staves
 + Level 3.4 Dodging
 + Level 2.5 Stealth


You had 3 spell levels left.
You didn't know any spells.
Your spell library was empty.

Dungeon Overview and Level Annotations

Branches:
Dungeon (2/15)

Altars:
Fedhas


Message History

Found a faded altar of an unknown god.
No target in view!
There is a dry fountain here.
There is an empty arch of ancient stone here.
There is a faded altar of an unknown god here.
There is a dry fountain here.
Things that are here:
a +0 club; a goblin skeleton You see here a staff of conjuration.
Found a stone staircase leading down.
No target in view!
There is a stone staircase leading down here.
A goblin comes into view. It is wielding a +0 dagger.
A goblin is nearby!
A goblin is nearby!
A goblin is nearby!
You reach to attack!
The helpless goblin fails to defend itself.
You hit the goblin.
You kill the goblin!
There is an escape hatch in the ceiling here.
You see here a +0 leather armour.
You see here an iguana skeleton.
Done exploring.
No target in view!
Done exploring.
No target in view!
Done exploring.
There is a dry fountain here.
There is an empty arch of ancient stone here.
There is a faded altar of an unknown god here.
You cannot tell which god this altar belongs to.
Convert to them anyway?
Fedhas accepts your prayer! Fedhas welcomes you!
You can now encircle yourself with summoned briar patches.
The plants of the dungeon cease their hostilities.
Unknown command.
Press < or > to pray at altars.
Okay, then.
Are you sure you want to abandon this character and quit the game? (Confirm with "yes".)

### ### ##.###.#
#.#...## ##..⌠.8#
#.⌠..######
##...#∩#8#.#
#.#8#@#...######
######..⌠.#....##
###8.⌠..#.....##
#..#...#.......#
#...###........#
#..............####
#.................##
#..............##...
##............######


There were no monsters in sight!

Vanquished Creatures
  An iguana (D:2)
  An adder (D:2)
  A ball python (D:1)
  A bat (D:2)
  An endoplasm (D:2)
  A giant cockroach (D:2)
  5 goblins
  A hobgoblin (D:1)
  3 frilled lizards
  A rat (D:1)
16 creatures vanquished.

Notes
Turn   | Place    | Note
-------+----------+-------------------------------------------
     0 | D:1      | babuloseo the Human Monk began the quest for the Orb.
     0 | D:1      | Reached XP level 1. HP: 18/18 MP: 1/1
   107 | D:1      | Reached XP level 2. HP: 24/24 MP: 2/2
   119 | D:1      | You fall into a shaft and drop 1 floor!
   305 | D:2      | Reached XP level 3. HP: 15/29 MP: 3/3
   584 | D:2      | Reached skill level 1 in Staves
   589 | D:2      | Reached XP level 4. HP: 37/37 MP: 4/4
   807 | D:2      | Found a faded altar of an unknown god.
   957 | D:2      | Became a worshipper of Fedhas Madash
   957 | D:2      | Reached * piety under Fedhas
   957 | D:2      | Reached ** piety under Fedhas
   958 | D:2      | Quit the game

Illustrated notes

Levels and vault maps discovered:
D:1:      minmay_arrival_cross, layout_loops_ring
D:2:      layout_rooms, shapermc_ecumenical_altar_venn

Skill      XL: |  1  2  3 |
---------------+----------+-----
Staves         | 1 |  1.2
Fighting       | |  3.7
Polearms       | |  3.0
Dodging        | |  3.4
Stealth        | |  2.5

Action                   |  1- 3 |  4- 6 || total
-------------------------+-------+-------++-------
Melee: Spear             |    49 |     1 ||    50
  Use: Potion            |     1 |       ||     1
 Stab: Sleeping          |     6 |     1 ||     7
Armor: Robe              |     4 |       ||     4
Dodge: Dodged            |    15 |       ||    15
